 Dungeon Crawl Stone Soup version 0.30-a0-373-gd37427bb62 (webtiles) character file.

Game seed: 4888183862546101389

9970 themarg the Destroyer (level 11, -4/92 HPs)
             Began as a Black Draconian Conjurer on Nov 22, 2022.
             Was a Priest of Kikubaaqudgha.
             Slain by an enormous slime creature (47 damage)
             ... on level 10 of the Dungeon on Nov 23, 2022.
             The game lasted 00:45:50 (12272 turns).

themarg the Destroyer (Black Draconian Conjurer)   Turns: 12272, Time: 00:45:50

Health: -4/92      AC: 16    Str:  7    XL:     11   Next: 30%
Magic:  0/21       EV: 14    Int: 23    God:    Kikubaaqudgha [***...]
Gold:   412        SH:  0    Dex: 18    Spells: 8/24 levels left

rFire   . . .      SeeInvis .    I - +10 war axe of Zabloig {vorpal, Fly rN+ Str-2}
rCold   . . .      Faith    .    (no shield)
rNeg    + . .      Spirit   .    (body armour unavailable)
rPois   +          Reflect  .    (helmet restricted)
rElec   +          Harm     .    (no cloak)
rCorr   .          Rampage  .    J - +2 pair of gloves
Will    +....                    h - +5 pair of boots of the Arena {Will+ Dex+2}
Stlth   ++........               A - amulet of regeneration
HPRegen 1.15/turn                i - +6 ring of dexterity
MPRegen 0.17/turn                C - ring of poison resistance

@: flying
A: breathe lightning, AC +7, unfitting armour, electricity resistance,
cold-blooded
a: Breathe Lightning, Renounce Religion, Unearth Wretches


You were on level 10 of the Dungeon.
You worshipped Kikubaaqudgha.
Kikubaaqudgha was most pleased with you.
You visited 1 branch of the dungeon, and saw 10 of its levels.
You also visited: Bailey.

You collected 412 gold pieces.

Inventory:

Hand Weapons
 c - a +0 short sword
 z - a +1 mace of draining
 I - the +10 war axe of Zabloig (weapon) {vorpal, Fly rN+ Str-2}
   (You found it on level 7 of the Dungeon)

   It inflicts extra damage upon your enemies.
   Str:       It affects your strength (-2).
   rN:        It protects you from negative energy.
   Fly:       It grants you flight.
 S - a +2 spear of flaming
Missiles
 b - 96 stones
 j - 13 poisoned darts
 r - 12 boomerangs
 s - 4 throwing nets
 F - 2 curare-tipped darts
 V - a boomerang of dispersal
Armour
 h - the +5 pair of boots of the Arena (worn) {Will+ Dex+2}
   (You found it on level 2 of the Dungeon)

   Dex:       It affects your dexterity (+2).
   Will:      It increases your willpower.
 J - a +2 pair of gloves (worn)
 T - a +0 buckler
Jewellery
 i - a +6 ring of dexterity (left hand)
 m - a +6 ring of strength
 u - a ring of ice
 v - an amulet of magic regeneration
 A - an amulet of regeneration (around neck)
 C - a ring of poison resistance (right hand)
Wands
 y - a wand of iceblast (6)
 O - a wand of charming (4)
Scrolls
 g - 2 scrolls of noise
 l - 5 scrolls of teleportation
 o - 4 scrolls of blinking
 p - 2 scrolls of fear {unknown}
 q - 4 scrolls of immolation
 t - a scroll of silence {unknown}
 G - 3 scrolls of enchant armour
 H - 2 scrolls of vulnerability
 K - 2 scrolls of enchant weapon {unknown}
 L - 2 scrolls of amnesia {unknown}
 N - a scroll of summoning {unknown}
 R - a scroll of torment {unknown}
 U - a scroll of magic mapping
Potions
 a - 3 potions of magic
 d - 3 potions of heal wounds
 e - a potion of might {unknown}
 f - 3 potions of curing
 k - 3 potions of ambrosia
 n - 3 potions of brilliance
 w - a potion of flight {unknown}
 x - 3 potions of attraction
 B - a potion of haste {unknown}
 D - a potion of degeneration {unknown}
 E - 2 potions of mutation
 M - a potion of berserk rage {unknown}
 Q - a potion of resistance {unknown}


   Skills:
 - Level 7.0 Fighting
 - Level 5.0 Dodging
 - Level 3.0 Stealth
 + Level 2.4 Shields
 - Level 7.0 Spellcasting
 - Level 10.0 Conjurations
 - Level 3.0 Hexes
 + Level 9.0 Necromancy
 - Level 3.0 Translocations


You had 8 spell levels left.
You knew the following spells:

 Your Spells              Type           Power      Damage    Failure   Level
a - Magic Dart            Conj           100%       1d8       1%          1
b - Searing Ray           Conj           100%       2d8       1%          2
c - Iskenderun's Mystic   Conj/Tloc      37%        2d9       5%          4
d - Necrotise             Necr           100%       1d9       1%          1
e - Cigotuvi's Dreadful   Necr/Pois/Air  42%        N/A       3%          2
f - Animate Dead          Necr           49%        N/A       1%          4
z - Sublimation of Blood  Necr           49%        N/A       1%          2

Your spell library contained the following spells:

 Spells                   Type           Power      Damage    Failure   Level
 Kiss of Death            Conj/Necr      100%       2d13      1%          1
 Dazzling Flash           Conj/Hex       74%        N/A       1%          3
 Dispel Undead            Necr           49%        3d18      1%          4
 Iskenderun's Battlesphe  Conj           52%        2d10      3%          5
 Fulminant Prism          Conj/Hex       18%        3d10      5%          4
 Agony                    Necr           49%        N/A       5%          5
 Anguish                  Hex/Necr       17%        N/A       6%          4
 Gell's Gravitas          Tloc           21%        N/A       7%          3
 Teleport Other           Tloc           21%        N/A       7%          3
 Irradiate                Conj/Tmut      15%        3d16      26%         5
 Death Channel            Necr           24%        N/A       28%         6
 Borgnjor's Vile Clutch   Necr/Erth      14%        N/A       32%         5
 Petrify                  Tmut/Erth      8%         N/A       58%         4
 Iron Shot                Conj/Erth      15%        9d4       83%         6
 Blade Hands              Tmut           4%         N/A       91%         5
 Dispersal                Tloc           10%        N/A       98%         6
 Spellforged Servitor     Conj/Summ      15%        N/A       100%        7
 Animate Armour           Summ/Erth      Unusable   N/A       N/A         4

Dungeon Overview and Level Annotations

Branches:
Dungeon (10/15)            Temple (0/1) D:6          Bailey (visited)
   Lair: D:8-11         Orc: D:9-12

Altars:
Hepliaklqana
Kikubaaqudgha
Makhleb
Trog
Uskayaw
Yredelemnul
Zin
The Shining One

Annotations:
D:8 4 transporters, exclusion: oklob plant
D:9 2 transporters, Maxmaps's ghost, novice FoMo
D:10 Nergalle


Innate Abilities, Weirdness & Mutations

You can breathe wild blasts of lightning.
Your glossy black scales are hard. (AC +7)
You cannot fit into any form of body armour.
You are resistant to electric shocks. (rElec)
You are cold-blooded and may be slowed by cold attacks.


Message History

Nergalle is lightly wounded.
The slime creature is almost dead.
The mystic blast hits the very large slime creature!
The very large slime creature is heavily wounded.
The very large slime creature is knocked back by the mystic blast.
The very large slime creature slams into the rock wall!
The very large slime creature is heavily wounded.
Nergalle drinks a potion.
Nergalle's spells are empowered!
Casting: Iskenderun's Mystic Blast (dangerous; 5% risk of failure)
Confirm with . or Enter, or press ? or * to list all spells.
You erupt in a blast of force!
The mystic blast hits the slime creature!
The slime creature is severely wounded.
The slime creature is knocked back by the mystic blast.
The slime creature slams into the rock wall!
The slime creature is almost dead.
The mystic blast hits the slime creature.
The slime creature is almost dead.
The slime creature is knocked back by the mystic blast.
The slime creature collides with Nergalle!
You kill the slime creature!
Kikubaaqudgha accepts your kill.
The mystic blast hits the very large slime creature!
The very large slime creature is heavily wounded.
The very large slime creature is knocked back by the mystic blast.
The very large slime creature slams into the rock wall!
The very large slime creature is severely wounded.
Two slime creatures merge to form an enormous slime creature.
Your Necromancy skill increases to level 9!
Casting: Iskenderun's Mystic Blast (dangerous; 5% risk of failure)
Confirm with . or Enter, or press ? or * to list all spells.
Aiming: Necrotise (safe; 1% risk of failure)
Press: ? - help, Shift-Dir - straight line, f/p - enormous slime creature
Aim: an enormous slime creature (severely wounded, chance to affect: 70%)
The enormous slime creature writhes in agony!
The enormous slime creature attacks as you move away!
The enormous slime creature hits you!!!
Ouch! That really hurt!
You die...
Kikubaaqudgha rasps: "You have failed me!
Welcome... death!"

#.### #.#.## #....#
.....####
...#...#########
#.##.......Z...#
#.#####.##...#######.###
#.....Jo.....# #.......#
..#####@##...# #.###.#.#
##...##### #.#...#.#
##.....## #.#.###.#
##.......## #.<.# #.#
#.........####...###Z#
.'.........'....).....)
#.#.........####...#####
#.##.......## ##..#
##.....## ##Z#


You could see an enormous slime creature and Nergalle (empowered).

Vanquished Creatures
  A centaur warrior (D:10)
  2 two-headed ogres
  Pikel (D:8)
  Maggie (D:8)
  A slime creature (D:10)
  5 spriggans (Bailey)
  A wraith (D:9)
  3 yaks (D:9)
  2 wyverns
  A steam dragon (Bailey)
  Menkaure (D:6)
  An acid dragon (D:10)
  3 water moccasins
  2 orc warriors
  3 ice beasts
  A sky beast (D:7)
  A black bear (D:8)
  5 ogres (Bailey)
  2 centaurs
  4 kobold brigands
  6 bullfrogs
  3 necrophages
  2 scorpions
  A gnoll sergeant (D:8)
  7 killer bees
  3 howler monkeys
  A bullfrog zombie (D:8)
  2 hounds
  13 jellies
  5 orc priests
  A gnoll bouda (D:4)
  Jessica (D:2)
  3 iguanas
  10 orc wizards
  21 gnolls
  An orc zombie (D:8)
  10 adders
  2 shadow imps (D:6)
  An ufetubus (D:7)
  A worm (D:4)
  4 dart slugs
  19 orcs
  8 bats
  17 endoplasms
  4 giant cockroaches
  A gnoll zombie (D:8)
  3 goblins
  6 hobgoblins
  4 jackals (D:1)
  22 kobolds
  4 quokkas
  7 ball pythons
  3 frilled lizards
  9 rats
246 creatures vanquished.

Vanquished Creatures (collateral kills)
  Prince Ribbit (D:9)
  3 yaks (D:9)
  An orc warrior (D:9)
  4 killer bees
  A howler monkey (D:9)
  An orc priest (D:9)
  2 gnolls (D:8)
  An orc (D:8)
  2 endoplasms (D:8)
16 creatures vanquished.

Vanquished Creatures (others)
  A gnoll sergeant (D:10)
  2 yak zombies (D:9)
  An orc wizard (D:5)
  An ogre zombie (Bailey)
  4 gnoll zombies (D:10)
  6 jelly zombies (D:8)
  12 endoplasm zombies (D:8)
  An orc zombie (D:9)
  4 fungi (D:8)
32 creatures vanquished.

Grand Total: 294 creatures vanquished

Notes
Turn   | Place    | Note
-------+----------+-------------------------------------------
     0 | D:1      | themarg the Draconian Conjurer began the quest for the Orb.
     0 | D:1      | Reached XP level 1. HP: 14/14 MP: 3/3
   263 | D:1      | Reached XP level 2. HP: 20/20 MP: 0/5
   266 | D:1      | Learned a level 2 spell: Searing Ray
  1023 | D:1      | Reached XP level 3. HP: 26/26 MP: 3/6
  1869 | D:2      | Identified the +5 pair of boots of the Arena {Will+ Dex+2}
  2341 | D:2      | Noticed Jessica
  2342 | D:2      | Killed Jessica
  2343 | D:2      | Reached XP level 4. HP: 33/33 MP: 5/8
  2962 | D:3      | Reached skill level 5 in Conjurations
  2962 | D:3      | Reached XP level 5. HP: 32/38 MP: 1/10
  3687 | D:4      | Reached XP level 6. HP: 45/45 MP: 1/12
  4547 | D:5      | Entered Level 5 of the Dungeon
  4563 | D:5      | Noticed a water moccasin
  4569 | D:5      | Killed a water moccasin
  4570 | D:5      | Reached skill level 6 in Conjurations
  4700 | D:5      | Your scales start taking on a glossy black colour.
  4700 | D:5      | Reached XP level 7. HP: 50/50 MP: 10/14
  4700 | D:5      | Gained mutation: You are resistant to electric shocks.
                  | (rElec) [Black Draconian growth]
  4709 | D:5      | Reached skill level 5 in Spellcasting
  4855 | D:5      | Found a bloodstained altar of Trog.
  4859 | D:5      | Found a burning altar of Makhleb.
  4859 | D:5      | Found an ancient bone altar of Kikubaaqudgha.
  4862 | D:5      | Found a hazy altar of Hepliaklqana.
  5021 | D:5      | Upgraded the game from 0.30-a0-371-gad7725a93e to
                  | 0.30-a0-373-gd37427bb62
  5021 | D:5      | Became a worshipper of Kikubaaqudgha
  5065 | D:5      | Reached skill level 7 in Conjurations
  5745 | D:6      | Reached skill level 1 in Necromancy
  5745 | D:6      | Reached skill level 1 in Translocations
  5913 | D:6      | Reached skill level 1 in Hexes
  5940 | D:6      | Found a staircase to the Ecumenical Temple.
  5999 | D:6      | Reached XP level 8. HP: 57/57 MP: 8/15
  6201 | D:6      | Noticed Menkaure
  6235 | D:6      | Reached * piety under Kikubaaqudgha
  6235 | D:6      | Received a gift from Kikubaaqudgha
  6239 | D:6      | Learned a level 2 spell: Sublimation of Blood
  6295 | D:6      | Killed Menkaure
  6296 | D:6      | Reached skill level 8 in Conjurations
  6741 | D:6      | Learned a level 4 spell: Iskenderun's Mystic Blast
  6743 | D:6      | Learned a level 1 spell: Necrotise
  6746 | D:6      | Learned a level 2 spell: Cigotuvi's Dreadful Rot
  6963 | D:7      | Found a basalt altar of Yredelemnul.
  7255 | D:7      | Found a glowing golden altar of the Shining One.
  7543 | D:7      | Reached XP level 9. HP: 59/61 MP: 13/16
  7662 | D:7      | Found a hide-covered altar of Uskayaw.
  7779 | D:7      | Reached skill level 9 in Conjurations
  7934 | D:7      | Identified the +10 war axe of Zabloig {vorpal, Fly rN+
                  | Str-2}
  7941 | D:7      | Learned a level 4 spell: Animate Dead
  8108 | D:7      | Reached skill level 5 in Necromancy
  8524 | D:8      | Noticed Pikel
  8530 | D:8      | Reached skill level 1 in Fighting
  8533 | D:8      | Killed Pikel
  8533 | D:8      | Reached ** piety under Kikubaaqudgha
  8592 | D:8      | Reached skill level 10 in Conjurations
  8684 | D:8      | Found a transporter.
  8686 | D:8      | Found a transporter.
  8688 | D:8      | Found a transporter.
  8770 | D:8      | Found a transporter.
  8955 | D:8      | Reached XP level 10. HP: 78/78 MP: 12/17
  9063 | D:8      | Noticed an oklob plant
  9075 | D:8      | Reached *** piety under Kikubaaqudgha
  9075 | D:8      | Received a gift from Kikubaaqudgha
  9365 | D:8      | Noticed Maggie
  9385 | D:8      | Killed Maggie
  9532 | D:9      | Found a flagged portal.
  9541 | Bailey   | Entered a bailey
  9562 | Bailey   | Reached skill level 5 in Fighting
  9589 | Bailey   | Reached skill level 5 in Dodging
  9609 | Bailey   | Noticed a two-headed ogre
  9640 | Bailey   | Killed a two-headed ogre
 10290 | D:9      | Reached XP level 11. HP: 56/91 MP: 20/20
 10655 | D:9      | Noticed Maxmaps's ghost (novice FoMo)
 10655 | D:9      | Noticed a two-headed ogre
 10655 | D:9      | Noticed a two-headed ogre
 10656 | D:9      | Found a transporter.
 10657 | D:9      | Noticed a two-headed ogre
 10659 | D:9      | Identified the +6 great mace of Income {freeze, Str+5}
 10659 | D:9      | Noticed a two-headed ogre
 10660 | D:9      | Found a transporter.
 10683 | D:9      | Noticed Prince Ribbit
 10808 | D:9      | Killed Prince Ribbit
 11019 | D:9      | Reached **** piety under Kikubaaqudgha
 11161 | D:10     | Entered Level 10 of the Dungeon
 11573 | D:10     | Noticed a centaur warrior
 11611 | D:10     | Killed a centaur warrior
 11612 | D:10     | Reached skill level 1 in Shields
 11780 | D:10     | Noticed a two-headed ogre
 11788 | D:10     | Killed a two-headed ogre
 12139 | D:10     | Found a glowing silver altar of Zin.
 12140 | D:10     | Noticed an angel
 12267 | D:10     | Noticed Nergalle
 12272 | D:10     | Slain by an enormous slime creature

Illustrated notes

Levels and vault maps discovered:
D:1:      minmay_arrival_split_and_join, layout_loops_ring,
          amcnicky_mini_rare_corridor_liquid, minmay_distorted
D:2:      layout_basic, uniq_jessica
D:3:      layout_rooms
D:4:      layout_loops_ring
D:5:      layout_basic, grunt_temple_overflow_open
D:6:      layout_loops_ring, temple_fountains, uniq_menkaure
D:7:      cheibrodos_quashed, layout_cave_pods, lemuel_crystal_altar,
          mainiacjoe_overflow_paths, nicolae_overflow_crystal_walls,
          nicolae_fountain_basement
D:8:      lemuel_slime, layout_loops_ring, nicolae_diode_quadrants, uniq_pikel,
          uniq_maggie
D:9:      layout_gridville, gammafunk_ghost_smash, enter_bailey_6,
          uniq_prince_ribbit1
D:10:     layout_loops_corners, zin_angel, uniq_nergalle

Skill      XL: |  1  2  3  4  5  6  7  8  9 10 11 |
---------------+----------------------------------+-----
Stealth        | 2 3 |  3.0
Spellcasting   | 3 4 5 6 7 |  7.0
Conjurations   | 5 6 7 8 10 | 10.0
Necromancy     | 1 4 6 8 9 |  9.0
Translocations | 1 3 |  3.0
Hexes          | 1 3 |  3.0
Dodging        | 3 5 |  5.0
Fighting       | 3 6 7 |  7.0
Shields        | 2 |  2.4

Action                   |  1- 3 |  4- 6 |  7- 9 | 10-12 || total
-------------------------+-------+-------+-------+-------++-------
Melee: Unarmed           |     3 |       |       |       ||     3
       Punch             |     1 |       |       |       ||     1
       Short sword       |     5 |       |    13 |       ||    18
       Tailslap          |       |       |     3 |    10 ||    13
       War axe           |       |       |    13 |    75 ||    88
 Cast: Magic Dart        |    86 |    55 |    49 |     2 ||   192
       Searing Ray       |     2 |    27 |    61 |    27 ||   117
       Necrotise         |       |       |    44 |    33 ||    77
       Iskenderun's Myst |       |       |    10 |    10 ||    20
       Cigotuvi's Dreadf |       |       |     1 |       ||     1
       Sublimation of Bl |       |       |     4 |     3 ||     7
       Animate Dead      |       |       |     3 |     5 ||     8
 Abil: Breathe Lightning |       |       |       |     2 ||     2
Evoke: Wand              |       |       |       |     1 ||     1
  Use: Scroll            |       |     1 |     8 |     6 ||    15
       Potion            |       |       |     1 |       ||     1
 Stab: Distracted        |       |       |       |     5 ||     5
Armor: Skin              |     5 |     3 |    47 |    79 ||   134
Dodge: Dodged            |    11 |     9 |    71 |   121 ||   212

Table legend: (Time is in decaauts)
 A = Elapsed time spent in this place.
 B = Non-inter-level travel time spent in this place.
 C = Inter-level travel time spent in this place.
 D = Time resting spent in this place.
 E = Time spent auto-exploring this place.
 F = Levels seen in this place.
 G = Mean time per level.
                   A        B        C        D        E       F      G
               +--------+--------+--------+--------+--------+-----+--------+
         Total |  12361 |  11817 |    544 |   2547 |   7365 |  11 | 1123.7 |
       Dungeon |  11911 |  11367 |    544 |   2308 |   7365 |  10 | 1191.1 |
        Bailey |    449 |    449 |      0 |    239 |      0 |   1 |  449.0 |
               +--------+--------+--------+--------+--------+-----+--------+

Top non-repeatable levels by time:
     D:1: 1777 daAuts
     D:7: 1595 daAuts
     D:9: 1245 daAuts
     D:6: 1221 daAuts
     D:5: 1190 daAuts
     D:3: 1125 daAuts
    D:10: 1116 daAuts
     D:8: 993 daAuts
     D:4: 823 daAuts
     D:2: 821 daAuts
  Bailey: 449 daAuts
